[Event "Titled Tuesday Blitz November 29 Early 2022"]
[White "Valle Maytin, Luis Enrique"]
[Black "Hrabinska, Myroslava"]
[WhiteFideId "3503666"]
[BlackFideId "14109190"]
[WhiteElo "2225"]
[BlackElo "2171"]
[Result "0-1"]
[Round "03"]
[TimeControl "180+1"]
[Date "2022.11.30"]
[WhiteClock "0:00:04"]
[BlackClock "0:00:08"]

1. e4 c5 2. Nf3 e6 3. d4 cxd4 4. Nxd4 a6 5. Nc3 b5 6. a3 Bb7 7. Be3 Qc7 8. f4 Nc6 9. Be2 Nxd4 10. Qxd4 Rc8 11. Bf3 d6 12. O-O Nf6 13. Rad1 e5 14. Qd2 Be7 15. f5 O-O 16. Qf2 Qc4 17. Be2 Qc7 18. Bf3 Qc4 19. Be2 Qc7 20. Bb6 Qc6 21. Bf3 Bd8 22. Bxd8 Rfxd8 23. Rfe1 Qc4 24. g4 Qc5 25. Qxc5 dxc5 26. g5 Nd7 27. Rd6 Nb8 28. Red1 Nc6 29. Rxd8+ Rxd8 30. Rxd8+ Nxd8 31. Nb1 f6 32. gxf6 gxf6 33. c3 Kf7 34. Kf2 Ke7 35. Ke3 Nf7 36. Nd2 Ng5 37. h4 Nf7 38. Nb3 c4 39. Nd2 Nd6 40. Nf1 Bc6 41. Ng3 Be8 42. h5 Bd7 43. h6 Be8 44. Be2 Nf7 45. Bf3 Nxh6 46. Ne2 Nf7 47. Nc1 Bc6 48. b3 Ng5 49. bxc4 bxc4 50. Ne2 Nxf3 51. Kxf3 h5 52. Ke3 Kf7 53. Ng3 Ke7 54. Nf1 Be8 55. Nd2 Bf7 56. Kf3 Kd6 57. Kg3 Kc5 58. Kh4 Kb5 59. Kh3 Ka4 60. Kg3 Kxa3 61. Kh4 Kb2 62. Nf3 Kxc3 63. Nxe5 fxe5 64. Kg5 Kd4 65. Kf6 Be8 66. Ke7 Bc6 67. f6 c3 68. f7 c2 69. f8=Q c1=Q 70. Qf2+ Kxe4 71. Qg2+ Kd4 72. Qf2+ Kc4 73. Qe2+ Kc5 74. Qxe5+ Kb6 75. Qb8+ Bb7 76. Qd6+ Qc6 77. Qb4+ Qb5 78. Qd6+ Qc6 79. Qb4+ Ka7 80. Qd4+ Qb6 81. Qe5 a5 82. Qxh5 Qb4+ 83. Kd7 a4 84. Qe5 a3 85. Qe3+ Ka6 86. Qe2+ Qb5+ 87. Qxb5+ Kxb5 88. Kc7 a2 89. Kxb7 a1=Q 0-1


[Site "https://www.chess.com"]

[Event "Titled Tuesday Blitz November 29 Early 2022"]
[White "Vargas, Mauricio"]
[Black "Ljukin, Sergei"]
[WhiteFideId "4404572"]
[BlackFideId "14102200"]
[WhiteElo "2025"]
[BlackElo "2312"]
[Result "0-1"]
[Round "03"]
[TimeControl "180+1"]
[Date "2022.11.30"]
[WhiteClock "0:00:02"]
[BlackClock "0:00:04"]

1. e4 e6 2. f4 d5 3. e5 c5 4. Nf3 Nc6 5. Bb5 Qb6 6. Bxc6+ bxc6 7. O-O Nh6 8. Nc3 Ng4 9. Na4 Qa5 10. b3 Ba6 11. d3 Bb5 12. Bd2 Qc7 13. Nb2 h5 14. c4 Ba6 15. Qe1 Be7 16. Ba5 Qd7 17. Na4 O-O 18. h3 Nh6 19. Bd2 dxc4 20. dxc4 Nf5 21. Rd1 h4 22. Bb4 Qxd1 23. Qxd1 cxb4 24. Qd7 Rfd8 25. Qxc6 Rab8 26. Qxa6 Rd3 27. Qxa7 Rbd8 28. Qf2 Re3 29. g4 hxg3 30. Qxg3 Nxg3 31. Kf2 Nf5 32. Nh4 Re4 33. Nxf5 exf5 34. Kf3 Rd3+ 35. Kf2 Bh4+ 36. Kg2 Rg3+ 0-1


[Site "https://www.chess.com"]

[Event "Titled Tuesday Blitz November 29 Early 2022"]
[White "Vasques, Antonio Pedro Freixial"]
[Black "Principe, Gerson"]
[WhiteFideId "1908332"]
[BlackFideId "3804550"]
[WhiteElo "2243"]
[BlackElo "2280"]
[Result "0-1"]
[Round "03"]
[TimeControl "180+1"]
[Date "2022.11.30"]
[WhiteClock "0:00:05"]
[BlackClock "0:00:06"]

1. e4 c5 2. Nc3 Nc6 3. Bb5 Nd4 4. Nf3 e6 5. O-O a6 6. Bd3 Nc6 7. e5 d6 8. exd6 Bxd6 9. b3 Nf6 10. Bb2 O-O 11. Ne4 Be7 12. Qe2 Bd7 13. Rae1 Nd5 14. g3 Ndb4 15. a3 Nxd3 16. Qxd3 b6 17. h4 Rc8 18. Nfg5 f5 19. Nd6 Bxd6 20. Qxd6 Re8 21. Nxe6 Bxe6 22. Rxe6 Qxd6 23. Rxd6 Red8 24. Rxd8+ Rxd8 25. Bc3 Re8 26. Rd1 Kf7 27. Kf1 g6 28. a4 Rd8 29. d3 Rd7 30. Re1 Ne7 31. Bd2 Nd5 32. f3 Nc7 33. Kf2 Ne6 34. Be3 a5 35. Rh1 h5 36. Rg1 Nc7 37. g4 fxg4 38. fxg4 hxg4 39. Rxg4 Nd5 40. Bg5 Nb4 41. Rf4+ Kg7 42. Bf6+ Kh7 43. Ke2 Nxc2 44. Kd2 Nb4 45. Rf3 Nd5 46. Be5 Rd8 47. Kc2 Nb4+ 48. Kd2 Nc6 49. Bc3 Kh6 50. Rf6 Nd4 51. Bxd4 Rxd4 52. Rxb6 Rxh4 53. Rb5 Rb4 54. Rxa5 Rxb3 55. Rxc5 Ra3 56. a5 g5 57. Rc6+ Kh5 58. a6 g4 59. Ke3 Kh4 60. Kf4 Ra4+ 61. Ke3 g3 62. Kf3 Ra3 63. Rh6+ Kg5 64. Rd6 Kh4 65. Rd4+ Kh3 66. Rd7 Kh2 67. Rh7+ Kg1 68. a7 Rxd3+ 69. Kg4 Ra3 70. Kf4 g2 71. Ke5 Kf1 72. Rf7+ Ke1 73. Rg7 Kf2 74. Rf7+ Ke2 75. Rg7 Kf1 76. Rf7+ Ke1 77. Rg7 Kf2 78. Rf7+ Kg1 79. Kd6 Kh1 80. Rh7+ Kg1 81. Rg7 Kf1 82. Rf7+ Ke1 83. Rg7 Kf2 84. Rf7+ Ke1 85. Re7+ Kf1 86. Rf7+ Ke2 87. Re7+ Kf3 88. Rf7+ Kg3 89. Rg7+ Kf2 90. Kc6 Rxa7 91. Rxa7 g1=Q 92. Ra5 Ke3 93. Ra3+ Kd4 94. Ra4+ Kc3 95. Ra5 Qg6+ 96. Kb7 Kb4 97. Ra6 Qf7+ 98. Kc6 Qe6+ 99. Kb7 Qd7+ 100. Kb6 Qd4+ 101. Kb7 Qd5+ 102. Kb6 Qc5+ 103. Kb7 Qe7+ 104. Kb6 Qd8+ 105. Kb7 Kb5 106. Rh6 Qd5+ 107. Kb8 Qe5+ 108. Kb7 Qe4+ 109. Kc8 Qg4+ 110. Kb7 Qf3+ 111. Kc8 Qf5+ 112. Kb7 Qe4+ 113. Kc7 Qe7+ 114. Kc8 Qe8+ 115. Kc7 Qf7+ 116. Kd6 Qf8+ 117. Ke5 Qxh6 0-1


[Site "https://www.chess.com"]

[Event "Titled Tuesday Blitz November 29 Early 2022"]
[White "Vlassov, Nikolai"]
[Black "Indjic, Aleksandar"]
[WhiteFideId "4103360"]
[BlackFideId "911925"]
[WhiteElo "2324"]
[BlackElo "2592"]
[Result "0-1"]
[Round "03"]
[TimeControl "180+1"]
[Date "2022.11.30"]
[WhiteClock "0:00:06"]
[BlackClock "0:00:34"]

1. e4 c5 2. c3 d5 3. exd5 Nf6 4. d4 Nxd5 5. dxc5 e6 6. b4 a5 7. Bd2 axb4 8. Bb5+ Bd7 9. Bxd7+ Nxd7 10. c4 Qf6 11. cxd5 Bxc5 12. Nf3 Qxa1 13. dxe6 fxe6 14. O-O Qxa2 15. Bxb4 Bxb4 16. Qd4 Be7 17. Qxg7 Bf6 18. Qg4 Qd5 19. Nbd2 Qf5 20. Qb4 Rg8 21. Qxb7 Rb8 22. Qc6 Qd5 23. Qc2 Rb2 24. Qxh7 Rg7 25. Qh8+ Ke7 26. Qh3 Rxd2 27. Nxd2 Qxd2 28. Qa3+ Kf7 29. Qa4 Ne5 30. Rd1 Qe2 31. Rb1 Rg4 32. Qa7+ Be7 33. h3 Rg7 34. Qb7 Nf3+ 35. Kh1 Ne1 0-1


[Site "https://www.chess.com"]

[Event "Titled Tuesday Blitz November 29 Early 2022"]
[White "Weetik, Vjacheslav"]
[Black "Sadhwani, Raunak"]
[WhiteFideId "4153472"]
[BlackFideId "35093487"]
[WhiteElo "2469"]
[BlackElo "2656"]
[Result "0-1"]
[Round "03"]
[TimeControl "180+1"]
[Date "2022.11.30"]
[WhiteClock "0:00:03"]
[BlackClock "0:00:08"]

1. d4 Nf6 2. Nf3 b6 3. Bg5 Ne4 4. Bh4 Bb7 5. Nbd2 g6 6. e3 Bg7 7. Bd3 Nxd2 8. Qxd2 O-O 9. O-O-O c5 10. c3 d6 11. Bg3 Nd7 12. h4 Nf6 13. h5 Ne4 14. Bxe4 Bxe4 15. Ng5 Bxg2 16. Rh2 Bd5 17. e4 Bxa2 18. hxg6 hxg6 19. Rdh1 cxd4 20. f4 Re8 21. Rh8+ Bxh8 22. Rxh8+ Kxh8 23. Qh2+ Kg7 24. Qh7+ Kf6 25. Bh4 Qc7 26. f5 Ke5 27. Bg3+ Kf6 28. Bh4 Ke5 29. Qg7+ Kf4 30. Qxd4 Kg4 31. Qf2 d5 32. Qg2+ Kh5 33. Nf3 Qf4+ 34. Kc2 Qxe4+ 35. Kd2 Qf4+ 36. Kc2 Qxf5+ 37. Kd2 Qf4+ 38. Kc2 d4 39. Bg5 Qf5+ 40. Kc1 Qxf3 41. Qxf3+ Kxg5 42. Qg3+ Kf6 43. Qf4+ Kg7 44. Qxd4+ e5 45. Qh4 Be6 46. Qg3 Bf5 47. b4 e4 48. Kb2 e3 0-1


[Site "https://www.chess.com"]

[Event "Titled Tuesday Blitz November 29 Early 2022"]
[White "Wieczorek, Zbigniew"]
[Black "Korkmaz, Necmettin"]
[WhiteFideId "1102001"]
[BlackFideId "6303285"]
[WhiteElo "2305"]
[BlackElo "2094"]
[Result "0-1"]
[Round "03"]
[TimeControl "180+1"]
[Date "2022.11.30"]
[WhiteClock "0:00:44"]
[BlackClock "0:00:47"]

1. Nf3 d5 2. g3 Nf6 3. Bg2 Bf5 4. d3 e6 5. O-O c6 6. c4 h6 7. cxd5 exd5 8. Nc3 Nbd7 9. e4 dxe4 10. dxe4 Be6 11. Nd4 Bc4 12. Re1 Be7 13. e5 Nd5 14. Nxd5 Bxd5 15. Bxd5 cxd5 16. e6 Nf6 17. exf7+ Kxf7 18. Ne6 Qd7 19. Qd4 b6 20. b3 Rhe8 21. Bb2 Bd6 22. Nxg7 Rxe1+ 23. Rxe1 Ng4 24. Ne6 Ne5 25. Qf4+ Kg6 26. Bxe5 Qxe6 27. Re3 Bc5 28. Rf3 Rf8 0-1


[Site "https://www.chess.com"]

[Event "Titled Tuesday Blitz November 29 Early 2022"]
[White "Yano, William Jorge Froes"]
[Black "Flis, Pawel"]
[WhiteFideId "2112949"]
[BlackFideId "1112864"]
[WhiteElo "2122"]
[BlackElo "1817"]
[Result "0-1"]
[Round "03"]
[TimeControl "180+1"]
[Date "2022.11.30"]
[WhiteClock "0:00:46"]
[BlackClock "0:00:04"]

1. e4 c5 2. Nf3 d6 3. Bb5+ Bd7 4. Bxd7+ Qxd7 5. O-O Nc6 6. c3 Nf6 7. Qe2 g6 8. Rd1 Bg7 9. d4 cxd4 10. cxd4 O-O 11. e5 Nd5 12. Nc3 Nxc3 13. bxc3 dxe5 14. d5 Na5 15. Nxe5 Qc7 16. Bf4 Qxc3 17. Rac1 Qb4 18. Bd2 Qd6 19. Nxf7 Rxf7 20. Bxa5 Rff8 21. Bc3 Rac8 22. Bxg7 Kxg7 23. Rb1 b6 24. Rb3 Rc5 25. Re3 Rf7 26. Re6 Qc7 27. g3 Rc1 28. Kg2 Rxd1 29. Qxd1 Qc5 30. Qd2 b5 31. g4 Rxf2+ 32. Qxf2 Qxd5+ 33. Kg3 Qxe6 34. Qxa7 Qe5+ 35. Kh3 b4 36. Qf2 h5 37. gxh5 Qxh5+ 38. Kg2 Qd5+ 39. Kg1 Qg5+ 40. Kf1 Qb5+ 41. Ke1 Qe5+ 42. Kf1 Qb5+ 43. Kg2 Qd5+ 44. Kg3 Qg5+ 45. Kf3 Qf5+ 46. Ke3 Qxf2+ 47. Kxf2 Kf6 48. Ke3 Ke5 49. h4 e6 50. Kf3 Kf5 51. Ke3 e5 52. Kf3 e4+ 53. Ke3 Ke5 54. Ke2 Kf4 55. Kf2 e3+ 56. Ke2 Ke4 57. Ke1 Kf3 58. Kf1 Kg4 59. h5 gxh5 60. Ke2 Kg3 61. Kxe3 h4 62. Kd4 Kg2 63. Kc4 h3 64. Kxb4 h2 65. a3 h1=Q 66. a4 Qh7 67. a5 Qa7 68. Kb5 Kf3 69. Kc6 Kf4 70. Kb5 Ke4 71. a6 Kd5 72. Ka5 Kc6 73. Kb4 Qxa6 0-1


[Site "https://www.chess.com"]

[Event "Titled Tuesday Blitz November 29 Early 2022"]
[White "Zatonskih, Anna"]
[Black "Adnan, Habib"]
[WhiteFideId "14101572"]
[BlackFideId "11202270"]
[WhiteElo "2362"]
[BlackElo "2110"]
[Result "1-0"]
[Round "03"]
[TimeControl "180+1"]
[Date "2022.11.30"]
[WhiteClock "0:00:31"]
[BlackClock "0:00:17"]

1. d4 Nf6 2. c4 g6 3. g3 Bg7 4. Bg2 O-O 5. Nf3 d6 6. O-O Nbd7 7. Nc3 e5 8. e4 exd4 9. Nxd4 a6 10. Re1 Rb8 11. Bf4 Re8 12. Rc1 Ne5 13. b3 Bg4 14. f3 Bd7 15. Qd2 c5 16. Nc2 b5 17. Ne3 Nh5 18. Qxd6 Nxf4 19. gxf4 Nc6 20. cxb5 axb5 21. Ncd5 Bd4 22. e5 Re6 23. Qc7 Qe8 24. Kh1 f6 25. Ng4 Qf7 26. Ngxf6+ Kg7 27. Qxd7 Qxd7 28. Nxd7 Rd8 29. N7f6 c4 30. bxc4 b4 31. Red1 Bc5 32. Bh3 Ree8 33. Nxe8+ Rxe8 34. Rc2 Re7 35. Rb1 h6 36. Bg2 Nd4 37. Rcb2 Nf5 38. Rxb4 g5 39. Rb5 Bd4 40. fxg5 hxg5 41. Rb7 Bxe5 42. Rxe7+ Nxe7 43. Nxe7 Kf6 44. Nd5+ Kg6 45. a4 Bd4 46. a5 Kf5 47. a6 Ba7 48. Rb7 Bc5 49. a7 Bxa7 50. Rxa7 Ke5 51. Rg7 Kd4 52. Rxg5 Kxc4 53. Nf4 Kd4 54. Rf5 Ke3 55. Rf8 Kd4 56. Nh3 Ke3 57. Re8+ Kd4 58. f4 Kc5 59. f5 Kd6 60. Re4 Kd5 61. f6 Kd6 62. f7 Kc6 63. f8=Q Kb6 64. Qf5 Kc7 65. Re7+ Kb6 66. Re6+ Kc7 67. Qf7+ Kd8 68. Re8# 1-0


[Site "https://www.chess.com"]

[Event "Titled Tuesday Blitz November 29 Early 2022"]
[White "Zemlyanskii, Ivan"]
[Black "Ovchinnikov, Vsevolod"]
[WhiteFideId "24249971"]
[BlackFideId "24176842"]
[WhiteElo "2107"]
[BlackElo "2376"]
[Result "0-1"]
[Round "03"]
[TimeControl "180+1"]
[Date "2022.11.30"]
[WhiteClock "0:00:02"]
[BlackClock "0:00:09"]

1. d4 Nf6 2. c4 g6 3. Nc3 d5 4. cxd5 Nxd5 5. e4 Nxc3 6. bxc3 Bg7 7. Nf3 c5 8. Bb5+ Bd7 9. Be2 Bc6 10. d5 Bd7 11. Qc2 O-O 12. O-O Bg4 13. Rb1 b6 14. c4 Nd7 15. Be3 e6 16. h3 Bxf3 17. Bxf3 exd5 18. cxd5 Qe7 19. Rfd1 Rad8 20. Bf4 Be5 21. Be3 Qh4 22. Qc1 Qe7 23. Be2 Bd6 24. Bd3 Ne5 25. Bc2 Nc4 26. Bg5 f6 27. Bh6 Rfe8 28. Bd3 Ne5 29. Bb5 Nd7 30. Re1 Qe5 31. f4 Qd4+ 32. Qe3 Re7 33. Qxd4 cxd4 34. Rbd1 Bb4 35. Re2 Bc5 36. Kh1 Nb8 0-1


[Site "https://www.chess.com"]

[Event "Titled Tuesday Blitz November 29 Early 2022"]
[White "Zhigalko, Sergei"]
[Black "Seo, Jung Min"]
[WhiteFideId "13502956"]
[BlackFideId "1734687"]
[WhiteElo "2662"]
[BlackElo "2455"]
[Result "1-0"]
[Round "03"]
[TimeControl "180+1"]
[Date "2022.11.30"]
[WhiteClock "0:00:06"]
[BlackClock "0:00:03"]

1. e4 e5 2. Nf3 Nf6 3. d4 exd4 4. e5 Ne4 5. Qxd4 d5 6. exd6 Nxd6 7. Nc3 Nc6 8. Qf4 Be7 9. Be3 O-O 10. O-O-O Be6 11. Bd3 Bf6 12. Ne4 Nxe4 13. Qxe4 g6 14. Bc4 Qc8 15. Bxe6 Qxe6 16. Qxe6 fxe6 17. Rd7 Rf7 18. Rhd1 Rd8 19. Rxd8+ Bxd8 20. Ne5 Nxe5 21. Rxd8+ Rf8 22. Rxf8+ Kxf8 23. Bxa7 Nc6 24. Be3 Kf7 25. Kd2 e5 26. a3 Ke6 27. Kd3 b5 28. c4 b4 29. Bd2 bxa3 30. bxa3 Kf5 31. f3 h5 32. h3 Nb8 33. a4 Na6 34. a5 Nc5+ 35. Ke3 Ke6 36. Bb4 Na6 37. Bf8 Nb8 38. Ke4 Nd7 39. Ba3 Nb8 40. g4 Na6 41. Bf8 c6 42. Ke3 Kf7 43. Ba3 Ke6 44. Kf2 Kf6 45. Kg3 hxg4 46. fxg4 g5 47. Kf3 Ke6 48. Ke4 Kf6 49. Bd6 Ke6 50. Ba3 Kf6 51. Kf3 Ke6 52. Kg3 Kf6 53. Bb2 Ke6 54. Bc1 Kf6 55. Be3 Kg6 56. Kf3 Kf6 57. Ke4 Nb8 58. Bd2 Na6 59. Bc3 Nc5+ 60. Kf3 Ke6 61. Bb4 Na6 62. Be1 Kf6 63. h4 gxh4 64. Bxh4+ Ke6 65. Bf2 Kf6 66. Ke4 Nb8 67. Bg3 Nd7 68. Kf3 Ke6 69. a6 Nb6 70. a7 c5 71. Bf2 Kd6 72. g5 1-0


[Site "https://www.chess.com"]

[Event "Titled Tuesday Blitz November 29 Early 2022"]
[White "Zivkovic, Nemanja"]
[Black "Bok, Benjamin"]
[WhiteFideId "942154"]
[BlackFideId "1017063"]
[WhiteElo "2372"]
[BlackElo "2658"]
[Result "1-0"]
[Round "03"]
[TimeControl "180+1"]
[Date "2022.11.30"]
[WhiteClock "0:00:25"]
[BlackClock "0:00:04"]

1. e4 c5 2. Nf3 d6 3. Bb5+ Nd7 4. c3 Nf6 5. Qe2 a6 6. Ba4 b5 7. Bc2 Bb7 8. O-O g6 9. d4 Bg7 10. a4 O-O 11. Rd1 Qb6 12. Bf4 Rfe8 13. Na3 e5 14. dxe5 dxe5 15. Be3 Bc6 16. b4 Qb7 17. Nd2 c4 18. f3 Nf8 19. Naxc4 bxc4 20. Nxc4 Qc7 21. Nb6 Rad8 22. Qxa6 Ne6 23. Bb3 Bb7 24. Qc4 Qe7 25. a5 Nd7 26. a6 Nxb6 27. Bxb6 Rxd1+ 28. Rxd1 Ba8 29. Qb5 Rc8 30. Bd5 Bxd5 31. Qxd5 Nf4 32. Qb7 Qe8 33. Qxc8 Qxc8 34. Rd8+ Qxd8 35. Bxd8 Ne6 36. a7 Nxd8 37. a8=Q Bf6 38. Qd5 Kg7 39. b5 Ne6 40. b6 Bd8 41. Qc6 1-0


[Site "https://www.chess.com"]

[Event "Titled Tuesday Blitz November 29 Early 2022"]
[White "sabkeIXO"]
[Black "Wang, Jalen"]
[BlackFideId "2078058"]
[WhiteElo "2472"]
[BlackElo "2084"]
[Result "1-0"]
[Round "03"]
[TimeControl "180+1"]
[Date "2022.11.30"]
[WhiteClock "0:00:19"]
[BlackClock "0:00:54"]

1. e4 c5 2. Nc3 e6 3. f4 d5 4. Bb5+ Nc6 5. Bxc6+ bxc6 6. e5 h5 7. Nf3 Nh6 8. d3 Nf5 9. O-O Qb6 10. Na4 Qb5 11. b3 c4 12. Kh1 h4 13. dxc4 dxc4 14. Nd4 Nxd4 15. Qxd4 cxb3 16. Rd1 Be7 17. axb3 h3 18. Ba3 hxg2+ 19. Kxg2 c5 20. Nxc5 Bb7+ 21. Nxb7 Qxb7+ 22. Kg1 Rd8 23. Qa4+ Rd7 24. Qxd7+ Qxd7 25. Rxd7 Bxa3 26. Rxa3 Kxd7 27. Rxa7+ Kc6 28. Rxf7 Kd5 29. Kg2 Ke4 30. Kg3 Rc8 31. Rxg7 Rc3+ 32. Kg4 Rxc2 33. Rf7 Rxh2 34. Kg5 Rb2 35. Kf6 Kxf4 36. Kxe6+ Ke4 37. Rb7 Rh2 38. Rb4+ Kd3 39. Kd6 Kc3 40. Rb8 Kd4 41. e6 Rh6 42. Kd7 Kc5 43. b4+ Kd5 44. e7 Rd6+ 45. Ke8 Rf6 46. Rb5+ Kc6 47. Rc5+ Kd6 48. Ra5 Kc7 49. Rc5+ Kd6 50. Kd8 Rg6 51. e8=Q Rg8 52. Rc6+ Kd5 53. Qxg8+ Kxc6 54. Qc4+ Kb7 55. Qc5 Ka6 56. Kd7 Kb7 57. Qb5+ Ka8 58. Kc7 1-0


[Site "https://www.chess.com"]

[Event "Titled Tuesday Blitz November 29 Early 2022"]
[White "Aaditya Dhingra"]
[Black "Bortnyk, Olexandr"]
[WhiteFideId "25678191"]
[BlackFideId "14120828"]
[WhiteElo "2054"]
[BlackElo "2723"]
[Result "0-1"]
[Round "04"]
[TimeControl "180+1"]
[Date "2022.11.30"]
[WhiteClock "0:00:50"]
[BlackClock "0:01:23"]

1. Nf3 Nf6 2. b3 d6 3. d4 g6 4. Bb2 Bg7 5. g3 O-O 6. Bg2 a5 7. a3 a4 8. b4 Nbd7 9. O-O Nb6 10. Nbd2 d5 11. Rc1 Be6 12. Ng5 Bf5 13. c4 c6 14. c5 Nbd7 15. Re1 h6 16. Nh3 Ne4 17. f3 Nxd2 18. Qxd2 e5 19. e3 Re8 20. Nf2 h5 21. Rcd1 b6 22. e4 Be6 23. dxe5 Bxe5 24. f4 Bxb2 25. Qxb2 bxc5 26. exd5 cxd5 27. Bxd5 Bxd5 28. Rxe8+ Qxe8 29. Rxd5 cxb4 30. Qxb4 Nf6 31. Re5 Qc6 32. Qc5 Qxc5 33. Rxc5 Rb8 34. Rc4 Rb1+ 35. Kg2 Rb2 36. Kf3 Rb3+ 37. Kg2 Rxa3 38. Nd3 Rxd3 0-1


[Site "https://www.chess.com"]

[Event "Titled Tuesday Blitz November 29 Early 2022"]
[White "Aarav Dengla"]
[Black "Lesbekova, Assel"]
[WhiteFideId "45059756"]
[BlackFideId "13713248"]
[WhiteElo "2261"]
[BlackElo "1700"]
[Result "1-0"]
[Round "04"]
[TimeControl "180+1"]
[Date "2022.11.30"]
[WhiteClock "0:00:01"]
[BlackClock "0:00:08"]

1. e4 c5 2. Nf3 Nc6 3. b3 d5 4. exd5 Qxd5 5. Bb2 e5 6. d3 Bg4 7. Be2 Nf6 8. h3 Bh5 9. Nc3 Qd7 10. Nb5 a6 11. Nxe5 Nxe5 12. Bxe5 axb5 13. Bxh5 Qe6 14. f4 Nxh5 15. Qxh5 Bd6 16. O-O Bxe5 17. Rfe1 Bd4+ 18. Kh1 Be3 19. Qf3 O-O 20. Rxe3 Qf6 21. Re5 h6 22. Rae1 Rxa2 23. Rxc5 b4 24. Qxb7 Qxf4 25. Qe4 Qf2 26. Rc4 Rxc2 27. Rxc2 Qxc2 28. Qc4 Qd2 29. Rf1 Qe2 30. Rf3 Qe1+ 31. Kh2 Qc3 32. Kg1 Qa1+ 33. Kh2 Qe5+ 34. Kg1 Qe7 35. Rf1 Rd8 36. d4 Rd7 37. Qc8+ Kh7 38. Qc4 Rc7 39. Qd3+ g6 40. d5 Qc5+ 41. Kh1 Rd7 42. Rd1 Rd6 43. Qc4 Qb6 44. Qf4 Rf6 45. Qe5 Rd6 46. Rf1 Rd7 47. d6 Qa6 48. Rd1 Qc6 49. Qe8 Qb7 50. Qe5 Qc6 51. Qd4 Qc2 52. Re1 Qxb3 53. Re8 Qb1+ 54. Kh2 g5 55. Qf6 Qg1+ 56. Kxg1 b3 57. Rh8# 1-0


[Site "https://www.chess.com"]

[Event "Titled Tuesday Blitz November 29 Early 2022"]
[White "Abasov, Nijat"]
[Black "Salinas Herrera, Pablo"]
[WhiteFideId "13402960"]
[BlackFideId "3407128"]
[WhiteElo "2546"]
[BlackElo "2557"]
[Result "0-1"]
[Round "04"]
[TimeControl "180+1"]
[Date "2022.11.30"]
[WhiteClock "0:00:03"]
[BlackClock "0:00:08"]

1. Nf3 d5 2. e3 c6 3. c4 Nf6 4. Nc3 e6 5. b3 Bd6 6. Bb2 O-O 7. d4 Nbd7 8. Be2 b6 9. a4 a5 10. O-O Bb7 11. Qc2 Qe7 12. Rfd1 Rac8 13. e4 dxe4 14. Nxe4 Nxe4 15. Qxe4 f5 16. Qe3 Nf6 17. Bd3 c5 18. h3 Ne4 19. Bxe4 fxe4 20. Nd2 Qh4 21. dxc5 Bf4 22. Qc3 Rf7 23. Nf1 Rcf8 24. cxb6 e3 25. Nxe3 Bxe3 26. Qxe3 Qxf2+ 27. Qxf2 Rxf2 28. Rd7 Rxg2+ 29. Kh1 Bf3 30. Bd4 e5 31. Rf1 Rf2+ 32. Kg1 Rxf1+ 33. Kxf1 Bc6+ 34. Ke2 Bxd7 35. Be3 Bc6 36. Bd2 Ra8 37. Bc3 Kf7 38. Ke3 Ke6 39. h4 g6 40. Bb2 h6 41. Kf2 g5 42. Kg3 Kf5 0-1


[Site "https://www.chess.com"]

[Event "Titled Tuesday Blitz November 29 Early 2022"]
[White "Adnan, Habib"]
[Black "Valle Maytin, Luis Enrique"]
[WhiteFideId "11202270"]
[BlackFideId "3503666"]
[WhiteElo "2110"]
[BlackElo "2225"]
[Result "0-1"]
[Round "04"]
[TimeControl "180+1"]
[Date "2022.11.30"]
[WhiteClock "0:00:07"]
[BlackClock "0:00:31"]

1. d4 Nf6 2. c4 e6 3. g3 d5 4. Bg2 dxc4 5. Nf3 Be7 6. O-O O-O 7. Qc2 Nc6 8. Qxc4 Nd5 9. e4 Nb6 10. Qd3 Nb4 11. Qe2 c5 12. Rd1 cxd4 13. Nxd4 Bd7 14. a3 Na6 15. Nc3 Qc7 16. e5 Rad8 17. Bf4 Qc4 18. Bxb7 Nc5 19. Bg2 Qxe2 20. Ndxe2 Nb3 21. Rab1 Nc4 22. Nd4 Ba4 23. Nxa4 Nxd4 24. Nc3 g5 25. Be3 Nxe3 26. fxe3 Nf5 27. e4 Bc5+ 28. Kh1 Ne3 29. Rxd8 Rxd8 30. Bf3 Rd2 31. b4 Bd4 32. Nb5 Bb6 33. Nd6 g4 34. Bxg4 Nxg4 35. Nc4 Rxh2# 0-1


[Site "https://www.chess.com"]

[Event "Titled Tuesday Blitz November 29 Early 2022"]
[White "Aldokhin, Ivan"]
[Black "Rian, Kapriaga"]
[WhiteFideId "24115720"]
[BlackFideId "7103263"]
[WhiteElo "2313"]
[BlackElo "2146"]
[Result "0-1"]
[Round "04"]
[TimeControl "180+1"]
[Date "2022.11.30"]
[WhiteClock "0:00:01"]
[BlackClock "0:00:23"]

1. e4 c6 2. Nc3 d5 3. Nf3 Bg4 4. Be2 Nf6 5. Ne5 Bxe2 6. Qxe2 e6 7. O-O Nbd7 8. d4 Bb4 9. f3 O-O 10. Bg5 Nxe5 11. dxe5 Qb6+ 12. Kh1 Bxc3 13. bxc3 Nd7 14. Be7 Rfe8 15. Bd6 Qb5 16. Qe3 Qa4 17. Qd3 Nb6 18. exd5 cxd5 19. f4 Nc4 20. Bc5 Rac8 21. Bd4 g6 22. h4 Na3 23. Rf2 Nb5 24. h5 Qc4 25. Qe3 Nxc3 26. hxg6 hxg6 27. Raf1 Ne4 28. Rf3 Qxc2 0-1


[Site "https://www.chess.com"]

[Event "Titled Tuesday Blitz November 29 Early 2022"]
[White "Aloma Vidal, Robert"]
[Black "Bowden, Karl"]
[WhiteFideId "2260409"]
[BlackFideId "400548"]
[WhiteElo "2435"]
[BlackElo "2494"]
[Result "1/2-1/2"]
[Round "04"]
[TimeControl "180+1"]
[Date "2022.11.30"]
[WhiteClock "0:00:13"]
[BlackClock "0:00:07"]

1. e4 e5 2. Nf3 d5 3. exd5 e4 4. Qe2 Nf6 5. Nc3 Be7 6. Nxe4 Nxd5 7. Qd1 O-O 8. d3 Re8 9. Be2 f5 10. Ng3 c5 11. O-O Nc6 12. c3 Bf6 13. d4 cxd4 14. Nxd4 Bxd4 15. cxd4 f4 16. Nh5 Qh4 17. Bc4 Be6 18. Re1 Rad8 19. Rxe6 Rxe6 20. Nxf4 Nxf4 21. Bxf4 Nxd4 22. Be3 Nf3+ 23. Qxf3 Qxc4 24. Qxb7 Red6 25. h3 Rd1+ 26. Rxd1 Rxd1+ 27. Kh2 Qd5 28. Qb8+ Qd8 29. Bxa7 Qxb8+ 30. Bxb8 Rd2 31. Be5 Rxf2 32. a4 Rf5 33. Bc3 Kf7 34. g4 Rc5 35. a5 Ke6 36. Kg3 Kd5 37. Kf4 Kc4 38. Ke4 g6 39. h4 Rb5 40. Kf4 Rc5 41. Bd2 Rb5 42. b4 Rd5 43. Be1 Kb5 44. Ke4 Rd7 45. Bc3 Rd1 46. Ke5 Rg1 47. Kf4 Rh1 48. Kg5 Rg1 49. Bd4 Rg2 50. Bc5 Rg3 51. Kf4 Rg2 52. Kf3 Rc2 53. Ke4 Rc4+ 54. Kf3 Ka6 55. Ke3 Kb5 56. Kf3 Ka6 57. h5 gxh5 58. gxh5 Rc1 59. Kg4 Rh1 60. Kg5 Kb5 61. Kh6 Ka6 62. Bd4 Kb5 63. Bc5 Ka6 64. Kg5 Kb5 65. Bf8 Ka6 66. h6 Rg1+ 67. Kf6 Rg6+ 68. Kf7 Kb5 69. Ke8 Ka6 70. Kd7 Kb5 71. Kc7 Re6 72. Kb7 Rf6 73. Bg7 Rf7+ 74. Kc8 Re7 75. Kd8 Re6 76. Kd7 Rg6 77. Kc7 Kxb4 78. Kd7 Kxa5 79. Ke7 Rxh6 80. Bxh6 Kb5 81. Kf7 Kc4 82. Kg7 Kd3 83. Kf6 Kc2 84. Kg7 Kd3 85. Kf6 Kc2 86. Kf7 Kd3 87. Kg8 Kc2 88. Kxh7 1/2-1/2


[Site "https://www.chess.com"]

[Event "Titled Tuesday Blitz November 29 Early 2022"]
[White "Ambartsumova, Karina"]
[Black "Ovezdurdyyeva, Jemal"]
[WhiteFideId "4166299"]
[BlackFideId "14001888"]
[WhiteElo "2319"]
[BlackElo "1961"]
[Result "1-0"]
[Round "04"]
[TimeControl "180+1"]
[Date "2022.11.30"]
[WhiteClock "0:00:50"]
[BlackClock "0:00:12"]

1. Nf3 Nf6 2. c4 e6 3. Nc3 b6 4. g3 Bb7 5. Bg2 Be7 6. O-O O-O 7. d4 d5 8. Ne5 c5 9. dxc5 bxc5 10. Bg5 Qc7 11. Bf4 Qd8 12. cxd5 exd5 13. Qb3 Qb6 14. Nxd5 Nxd5 15. Bxd5 Qxb3 16. Bxb3 Nc6 17. Bd5 Rac8 18. Rfd1 Ba8 19. Nxc6 Bxc6 20. Rac1 Bb5 21. Bc4 Bc6 22. Bd6 Bf6 23. Bxf8 Rxf8 24. b3 h5 25. Rd6 Ba8 26. Rd7 a5 27. Rcd1 h4 28. Rxf7 1-0


[Site "https://www.chess.com"]

[Event "Titled Tuesday Blitz November 29 Early 2022"]
[White "Amin-Erdene, Bayanmunkh"]
[Black "Barria Zuniga, Daniel"]
[WhiteFideId "4903161"]
[BlackFideId "3400816"]
[WhiteElo "1447"]
[BlackElo "2414"]
[Result "0-1"]
[Round "04"]
[TimeControl "180+1"]
[Date "2022.11.30"]
[WhiteClock "0:00:04"]
[BlackClock "0:00:43"]

1. d4 Nf6 2. Bf4 e6 3. e3 Bd6 4. Bg3 Bxg3 5. hxg3 Nc6 6. Nf3 Qe7 7. a3 d6 8. Nc3 Bd7 9. Qd2 O-O-O 10. O-O-O Kb8 11. e4 Ng4 12. Ne1 e5 13. d5 Nd4 14. f3 Nf6 15. Na2 c6 16. c3 Nb3+ 17. Kc2 Nxd2 18. Rxd2 cxd5 19. exd5 Bf5+ 20. Kc1 e4 21. Be2 exf3 22. gxf3 Rhe8 23. Rh2 Qe5 24. Rg2 h5 25. Nb4 a5 26. Nbd3 Bxd3 27. Nxd3 Qxd5 28. Nf4 Qc5 29. Kc2 g5 30. Nd3 Qb6 31. Rh2 Nd5 32. Rxh5 Ne3+ 33. Kc1 Nc4 34. Rc2 Qe3+ 35. Kb1 Rh8 36. Rxh8 Rxh8 37. Ka2 Rh2 38. Bd1 Rd2 39. Rxd2 Qxd2 0-1


[Site "https://www.chess.com"]